 Dungeon Crawl Stone Soup version 0.14-b1-15-g43f4bc9 (webtiles) character file.

120 kopiNeko the Vexing (level 3, 0/16 HPs)
             Began as a Vine Stalker Enchanter on Apr 2, 2014.
             Slain by a gnoll (3 damage)
             ... on Level 2 of the Dungeon.
             The game lasted 00:06:03 (965 turns).

kopiNeko the Vexing (Vine Stalker Enchanter)         Turns: 965, Time: 00:06:03

HP   0/16        AC  3     Str 10      XL: 3   Next: 72%
MP   0/7         EV 12     Int 16      God:
Gold 72          SH  0     Dex 14      Spells:  1 memorised,  6 levels left

rFire  . . .     SeeInvis .     a - +1 dagger
rCold  . . .     Clarity  .     b - +1 robe
rNeg   . . .     Conserve .     (no shield)
rPois  .         rCorr    .     (no helmet)
rElec  .         rRot     +     (no cloak)
SustAb . .       Spirit   +     (no gloves)
rMut   .         Warding  .     (no boots)
Saprov . . .     Stasis   .     (no amulet)
MR     .....                    (no ring)
                                (no ring)

@: not resistant to hostile enchantments, fairly stealthy
A: fangs 2, regeneration 1, magic shield, antimagic bite, no device heal
a: no special abilities


You were on level 2 of the Dungeon.
You were not hungry.

You visited 1 branch of the dungeon, and saw 2 of its levels.

You collected 72 gold pieces.

Inventory:

Hand weapons
 a - a +1,+1 dagger (weapon)
Missiles
 d - 12 darts (quivered)
Armour
 b - a +1 robe (worn)
Comestibles
 f - a bread ration
 g - a pear
 h - a rotting chunk of adder flesh
 o - 2 chunks of gnoll flesh
Scrolls
 e - a scroll of teleportation {unknown}
 i - 4 scrolls of remove curse {unknown}
 j - a scroll of identify {unknown}
Jewellery
 n - a +3 ring of protection {unknown}
Potions
 k - a potion of curing {unknown}
 l - a potion of resistance {unknown}
 m - a potion of confusion {unknown}
Books
 c - a book of Maledictions

   Spells                             Type                      Level
   *Corona                            Hexes                        1
   Sure Blade                         Hexes/Charms                 2
   Ensorcelled Hibernation            Hexes/Ice                    2
   Confuse                            Hexes                        3
   Enslavement                        Hexes                        4
   Invisibility                       Hexes                        6


   Skills:
 + Level 0.1 Fighting
 + Level 1.1 Short Blades
 + Level 0.8 Throwing
 + Level 1.9 Dodging
 + Level 2.6 Stealth
 + Level 2.6 Spellcasting
 + Level 3.8 Hexes


You had 6 spell levels left.
You knew the following spells:

 Your Spells              Type           Power        Failure   Level  Hunger
a - Corona                Hex            ##.....      4%          1    #......


Dungeon Overview and Level Annotations

Branches:
Dungeon (2/15)

Altars:

Annotations:
D:2 Sigmund


Innate Abilities, Weirdness & Mutations

You are immune to rotting.
You have extremely sharp teeth.
Your natural rate of healing is unusually fast.
When hurt, damage is shared between your health and your magic reserves.
Your bite disrupts and absorbs the magic of your enemies.
Potions and wands cannot restore your HP.


Message History

You hit the gnoll.
The gnoll is moderately wounded.
The gnoll barely misses you. The gnoll hits you.
You hit the gnoll.
The gnoll is moderately wounded.
The gnoll hits you. The gnoll barely misses you.
You hit the gnoll. Your bite misses the gnoll.
The gnoll is severely wounded.
The gnoll hits you but does no damage. The gnoll barely misses you.
You hit the gnoll but do no damage.
The gnoll is severely wounded.
The gnoll misses you. The gnoll hits you but does no damage.
You closely miss the gnoll.
The gnoll is severely wounded.
The gnoll hits you.
* * * LOW HITPOINT WARNING * * *
You hit the gnoll but do no damage. You bite the gnoll, but do no damage.
The gnoll is severely wounded.
The gnoll barely misses you. The gnoll hits you.
You die...

... ... ..##
####..####
#........#
#........#
#........#
#.g......#
#@g......+
#........#
####'##### ##.#
##.g# ##..## #..##
###'#### ##+
#......#########....


You could see 2 gnolls.

Vanquished Creatures
  An adder (D:2)
  2 gnolls (D:1)
  A giant mite (D:1)
  An ooze (D:2)
  A bat (D:1)
  A hobgoblin (D:1)
  3 goblins (D:1)
  3 kobolds (D:1)
  2 rats (D:1)
15 creatures vanquished.

Notes
Turn   | Place    | Note
--------------------------------------------------------------
     0 | D:1      | kopiNeko, the Vine Stalker Enchanter, began the quest for the Orb.
     0 | D:1      | Reached XP level 1. HP: 9/9 MP: 3/3
   200 | D:1      | Reached skill level 1 in Short Blades
   200 | D:1      | Reached XP level 2. HP: 4/13 MP: 1/5
   354 | D:1      | Reached XP level 3. HP: 12/16 MP: 4/7
   728 | D:2      | Noticed Sigmund
   965 | D:2      | Slain by a gnoll

Action                   || total
-------------------------++-------
Melee: Dagger            ||    90
 Stab: Sleeping          ||     2
